 Dungeon Crawl Stone Soup version 0.19-a0-1097-g38e3b35 (webtiles) character file.

14660 4thArraOfDagon the Grappler (level 11, -6/89 HPs)
             Began as a Troll Arcane Marksman on Aug 8, 2016.
             Was an Elder of Vehumet.
             Mangled by a fire elemental (12 damage)
             ... summoned by a deep elf mage
             ... on level 14 of the Dungeon.
             The game lasted 00:27:00 (4788 turns).

4thArraOfDagon the Grappler (Troll Arcane Marksman) Turns: 4788, Time: 00:27:01

Health: -6/89      AC: 10    Str: 21    XL:     11   Next: 91%
Magic:  13/13      EV:  9    Int: 12    God:    Vehumet [****..]
Gold:   715        SH: 11    Dex:  7    Spells: 3 memorised, 4 levels left

rFire  . . .     SeeInvis +       - Unarmed
rCold  . . .     Gourm    +     y - +2 robe {MR+}
rNeg   . . .     Faith    .     e - +0 shield
rPois  .         Spirit   .     m - +0 hat {SInv}
rElec  .         Dismiss  .     s - +2 cloak
rCorr  +         Reflect  .     (gloves unavailable)
SustAt .         Harm     .     (boots unavailable)
MR     +....                    (no amulet)
Stlth  +.........               J - -2 ring of dexterity
                                i - ring of resist corrosion

@: liquid flames, glowing
A: unfitting armour, claws 3, fast metabolism 3, gourmand, regeneration 2,
shaggy fur 1, tough skin 2
a: Renounce Religion


You were on level 14 of the Dungeon.
You worshipped Vehumet.
Vehumet was greatly pleased with you.
You were full.

You visited 1 branch of the dungeon, and saw 15 of its levels.
You also visited: Sewer and Ossuary.

You collected 731 gold pieces.
You spent 16 gold pieces at shops.

Inventory:

Hand Weapons
 t - a +7 dire flail of protection
 A - a cursed -1 giant spiked club
Missiles
 c - 3 large rocks
 d - a throwing net (quivered)
Armour
 a - a +0 robe
 b - a +0 robe of the Archmagi
 e - a +0 shield (worn)
 m - a +0 hat of see invisible (worn)
 s - a +2 cloak (worn)
 y - a +2 robe of magic resistance (worn)
 F - a +2 hat
 O - a +0 cloak
Jewellery
 g - an uncursed ring of teleportation
 i - a ring of resist corrosion (left claw)
 v - a +2 ring of intelligence
 J - a -2 ring of dexterity (right claw)
Wands
 k - a wand of slowing (0/48)
 G - a wand of lightning (5/15)
 I - a wand of teleportation (2/9)
 K - a wand of iceblast (5/15)
Scrolls
 j - 2 scrolls of remove curse
 l - 2 scrolls of recharging
 q - 2 scrolls of magic mapping
 C - a scroll of fog
 M - a scroll of amnesia {unknown}
 N - a scroll of fear
 P - a scroll of noise {unknown}
Potions
 n - a potion of cure mutation {unknown}
 o - 3 potions of agility
 p - 3 potions of curing
 r - a potion of magic {unknown}
 u - a potion of resistance {unknown}
 w - 3 potions of brilliance {unknown}
 x - a potion of lignification
 z - 3 potions of flight
 B - 2 potions of degeneration
 E - 3 potions of might {unknown}
 H - 2 potions of experience {unknown}
 L - 2 potions of cancellation
Books
 D - a book of the Earth

   Spells                             Type                      Level
   a - Leda's Liquefaction            Hexes/Earth                  4
   b - Bolt of Magma                  Conjuration/Fire/Earth       5
   c - Statue Form                    Transmutation/Earth          6
   d - Iron Shot                      Conjuration/Earth            6
   e - Shatter                        Earth                        9
Comestibles
 f - 9 bread rations
 h - 4 meat rations


   Skills:
 - Level 0.7 Fighting
 - Level 1.7 Throwing
 - Level 1.5 Dodging
 - Level 10.0 Shields
 - Level 12.1 Unarmed Combat
 + Level 2.5 Spellcasting
 - Level 2.0 Hexes
 * Level 4.4 Transmutations
 * Level 5.3 Earth Magic


You had 4 spell levels left.
You knew the following spells:

 Your Spells              Type           Power        Failure   Level  Hunger
a - Corona                Hex            #......      12%         1    #......
b - Leda's Liquefaction   Hex/Erth       ##........   67%         4    #####..
c - Statue Form           Tmut/Erth      ##.......    100%        6    #######


Dungeon Overview and Level Annotations

Branches:
Dungeon (15/15)            Temple (0/1) D:7            Lair (0/6) D:8
    Orc (0/2) D:11         Vaults (0/5) D:14
 Depths: D:15

Altars:
Cheibriados
Dithmenos
Fedhas
Qazlal
Sif Muna
Vehumet
Yredelemnul
Zin
The Shining One

Shops:
D:5 [   D:11 :

Annotations:
D:13 1 runed door, Sonja


Innate Abilities, Weirdness & Mutations

You are too large for most types of armour.
You have claws for hands.
Your metabolism is lightning-fast.
You like to eat raw meat.
You heal very quickly.
You are covered in fur. (AC +1)
You have very tough skin. (AC +2)


Message History

The deep elf mage casts a spell at you. The bolt of fire hits you!
* * * LOW HITPOINT WARNING * * *
Unknown command.
You closely miss the fire elemental.
The fire elemental is almost destroyed.
The fire elemental barely misses you.
The deep elf mage gestures at you while chanting.
The sticky flame hits you!
You are covered in liquid flames!
* * * LOW HITPOINT WARNING * * *
Unknown command.
Unknown command.
Unknown command.
Okay, then.
You feel magically purged.
You are covered in liquid flames!
* * * LOW HITPOINT WARNING * * *
The fire elemental hits you. The fire elemental burns you!
You die...

##..#.....#..# .....
#...#.....#.#...
#.##....#...# .#..
#.......#..#...#..
#.....#....#......
#.........#.......
#...##..#.#.....#
##...............#
#..##.@.##.#.....#####
#....E##..............
#...##§..e............
#.##..§E...(..........
#......§§...........#
#.......§E..........# #
######...§§.........#.#
#.....§........#.#
#.................


You could see a deep elf mage and a fire elemental.

Vanquished Creatures
  A centaur warrior (D:14)
  An unseen horror (D:13)
  7 hill giants
  A wizard (D:14)
  Pikel (D:7)
  2 deep elf magi
  Maurice (D:8)
  The ghost of 4thArraOfDagon the Grappler, a novice TrAM (D:7)
  2 gargoyles (D:13)
  A centaur skeleton (D:15)
  Psyche (D:8)
  A komodo dragon (D:14)
  A troll (D:8)
  A two-headed ogre (D:8)
  5 wyverns
  A centaur simulacrum (D:14)
  3 yaks
  A wraith (D:14)
  2 vampire mosquitoes
  A hippogriff (D:10)
  A soldier ant (D:13)
  Edmund (D:6)
  A water moccasin (D:8)
  Purgy (Sewer)
  4 slaves (D:7)
  An ice beast (D:10)
  2 orc warriors
  2 sky beasts (D:11)
  4 ogres
  An eye of draining (D:11)
  6 centaurs
  2 crocodiles
  2 elf zombies (Ossuary)
  A big kobold (D:8)
  5 giant frogs
  A wyvern skeleton (D:13)
  A scorpion (D:10)
  4 killer bees (D:8)
  A crimson imp (D:8)
  A giant frog zombie (D:12)
  A jelly (D:8)
  2 centaur zombies (Ossuary)
  A quasit (D:12)
  A giant frog skeleton (D:8)
  An iron imp (D:9)
  4 orc priests
  A gnoll shaman (D:8)
  2 hounds
  A human zombie (Ossuary)
  3 iguanas
  9 orc wizards
  4 worker ants
  2 big kobold zombies (Ossuary)
  A hound zombie (D:10)
  A hound skeleton (D:7)
  2 mummies (Ossuary)
  3 gnolls (D:8)
  10 adders
  An adder skeleton (D:7)
  An adder zombie (Ossuary)
  3 giant geckos
  18 orcs
  2 bats
  2 giant cockroaches
  A goblin (D:3)
  A hobgoblin (D:1)
  5 jackals
  6 kobolds
  3 quokkas
  4 ball pythons
  5 giant newts
  A goblin skeleton (D:9)
  2 goblin zombies
  9 hobgoblin zombies
  A jackal zombie (Ossuary)
  A kobold skeleton (D:9)
  12 kobold zombies
  9 orc zombies (Ossuary)
  5 rats
218 creatures vanquished.

Vanquished Creatures (others)
  A hill giant (D:13)
  A centaur (D:13)
  A big kobold (D:13)
  6 kobolds (D:13)
9 creatures vanquished.

Grand Total: 227 creatures vanquished

Notes
Turn   | Place    | Note
-------+----------+-------------------------------------------
     0 | D:1      | 4thArraOfDagon the Troll Arcane Marksman began the quest for the Orb.
     0 | D:1      | Reached XP level 1. HP: 18/18 MP: 1/1
    64 | D:1      | You fall through a shaft!
   111 | D:2      | Reached skill level 1 in Unarmed Combat
   133 | D:2      | Reached skill level 2 in Unarmed Combat
   133 | D:2      | Reached XP level 2. HP: 3/26 MP: 2/2
   288 | D:3      | Found a basalt altar of Yredelemnul.
   410 | D:4      | Found a sand-covered staircase.
   413 | Ossuary  | Entered an ossuary
   454 | Ossuary  | Reached XP level 3. HP: 22/32 MP: 3/3
   523 | Ossuary  | Reached skill level 1 in Shields
   533 | Ossuary  | Reached skill level 3 in Unarmed Combat
   560 | Ossuary  | Reached XP level 4. HP: 12/40 MP: 4/4
   602 | Ossuary  | Reached XP level 5. HP: 37/46 MP: 5/5
   636 | Ossuary  | Reached skill level 4 in Unarmed Combat
   649 | Ossuary  | Reached XP level 6. HP: 27/54 MP: 6/6
   976 | D:5      | Entered Level 5 of the Dungeon
   986 | D:5      | Reached skill level 5 in Unarmed Combat
  1076 | D:5      | Found Cuow's Antique Armour Shoppe.
  1079 | D:5      | Bought a runed robe for 16 gold pieces
  1273 | D:7      | Noticed a slave
  1273 | D:7      | Noticed a slave
  1289 | D:6      | Found a radiant altar of Vehumet.
  1298 | D:6      | Noticed Edmund
  1309 | D:6      | Became a worshipper of Vehumet
  1353 | D:6      | Killed Edmund
  1353 | D:6      | Reached XP level 7. HP: 24/61 MP: 7/7
  1382 | D:6      | Found a glowing drain.
  1425 | Sewer    | Entered a sewer
  1464 | Sewer    | Noticed Purgy
  1483 | Sewer    | Killed Purgy
  1498 | Sewer    | (
  1558 | D:6      | Reached skill level 6 in Unarmed Combat
  1638 | D:7      | Noticed 4thArraOfDagon's ghost (novice TrAM)
  1659 | D:7      | Killed 4thArraOfDagon's ghost
  1659 | D:7      | Reached skill level 5 in Shields
  1659 | D:7      | Reached XP level 8. HP: 23/68 MP: 8/8
  1674 | D:7      | Noticed Pikel
  1702 | D:7      | Killed Pikel
  1702 | D:7      | Reached skill level 7 in Unarmed Combat
  1725 | D:7      | Found Tanaas's Jewellery Emporium.
  1829 | D:7      | Found a staircase to the Ecumenical Temple.
  1877 | D:7      | Reached skill level 8 in Unarmed Combat
  1932 | D:7      | Found a basalt altar of Yredelemnul.
  2052 | D:8      | Found a deep blue altar of Sif Muna.
  2094 | D:8      | Reached XP level 9. HP: 54/75 MP: 9/9
  2115 | D:8      | Reached * piety under Vehumet
  2115 | D:8      | Offered knowledge of Sting by Vehumet.
  2135 | D:8      | Noticed Maurice
  2149 | D:8      | Killed Maurice
  2149 | D:8      | Reached skill level 9 in Unarmed Combat
  2169 | D:8      | Learned a level 4 spell: Leda's Liquefaction
  2173 | D:8      | Found a staircase to the Lair.
  2176 | D:8      | Noticed a troll
  2195 | D:8      | Killed a troll
  2234 | D:8      | Found a snail-covered altar of Cheibriados.
  2235 | D:8      | Noticed Psyche
  2245 | D:8      | Killed Psyche
  2320 | D:8      | Reached skill level 10 in Unarmed Combat
  2537 | D:8      | Reached XP level 10. HP: 83/83 MP: 10/10
  2698 | D:9      | Offered knowledge of Throw Flame by Vehumet.
  2753 | D:9      | Reached ** piety under Vehumet
  2766 | D:10     | Entered Level 10 of the Dungeon
  2888 | D:9      | Found a blossoming altar of Fedhas.
  2888 | D:9      | Found a shadowy altar of Dithmenos.
  3038 | D:10     | Noticed a hill giant
  3045 | D:10     | Killed a hill giant
  3099 | D:10     | Noticed a hill giant
  3103 | D:10     | Killed a hill giant
  3103 | D:10     | Reached skill level 11 in Unarmed Combat
  3119 | D:10     | Pierrem: good game
  3132 | D:9      | Found a glowing golden altar of the Shining One.
  3148 | D:9      | Offered knowledge of Searing Ray by Vehumet.
  3229 | D:10     | Reached *** piety under Vehumet
  3339 | D:11     | Found a staircase to the Orcish Mines.
  3388 | D:11     | Found Efawetow's Book Boutique.
  3393 | D:11     | Noticed a hill giant
  3413 | D:11     | Killed a hill giant
  3445 | D:11     | like always
  3445 | D:11     | heading towards tombstone
  3453 | D:11     | Noticed a hill giant
  3459 | D:11     | Killed a hill giant
  3471 | D:11     | Reached skill level 10 in Shields
  3482 | D:11     | Learned a level 6 spell: Statue Form
  3660 | D:11     | Reached XP level 11. HP: 89/89 MP: 11/11
  3709 | D:12     | Offered knowledge of Stone Arrow by Vehumet.
  3785 | D:12     | Reached skill level 1 in Transmutations
  3785 | D:12     | Reached skill level 1 in Earth Magic
  3825 | D:12     | Noticed a deep elf mage
  3835 | D:12     | Killed a deep elf mage
  3835 | D:12     | Reached skill level 12 in Unarmed Combat
  3853 | D:13     | Noticed a hill giant
  3872 | D:13     | Killed a hill giant
  4034 | D:13     | Noticed a hill giant
  4047 | D:13     | Killed a hill giant
  4136 | D:13     | Noticed an unseen horror
  4152 | D:13     | Killed an unseen horror
  4222 | D:13     | Found a stormy altar of Qazlal.
  4247 | D:13     | Noticed a hill giant
  4260 | D:13     | Killed a hill giant
  4397 | D:13     | Found a glowing silver altar of Zin.
  4397 | D:13     | Found a runed door.
  4397 | D:13     | Noticed an angel
  4434 | D:13     | Noticed a deep elf mage
  4436 | D:13     | Noticed Sonja
  4522 | D:14     | Noticed a hill giant
  4537 | D:14     | Killed a hill giant
  4568 | D:14     | Found a gate to the Vaults.
  4568 | D:14     | Noticed a wizard
  4574 | D:14     | Killed a wizard
  4607 | D:14     | Noticed a centaur warrior
  4608 | D:14     | Noticed a deep elf mage
  4619 | D:14     | Killed a centaur warrior
  4636 | D:14     | Killed a deep elf mage
  4636 | D:14     | Reached **** piety under Vehumet
  4636 | D:14     | Reached skill level 5 in Earth Magic
  4656 | D:15     | Entered Level 15 of the Dungeon
  4676 | D:15     | Noticed a skeletal warrior
  4758 | D:14     | Noticed a deep elf mage
  4788 | D:14     | Mangled by a fire elemental

Vault maps used:
D:1:      dpeg_arrival_arbitrary_c
D:2:      old_standard_altar, minmay_misc_feat_square, glass_columns_a,
          minmay_misc_feat_rows
D:3:      overflow_temple_1_default, kennysheep_generic_room_5
D:4:      lightli_ossuary_entry_decrepit_ruins
D:5:      first_bread, serial_shops, nicolae_shop_behind_doors,
          kennysheep_minor_cross, uniq_crazy_yiuf_cottage
D:6:      trog_eyes_of_draining, fiery_altar_vehumet, portal_sewer_entry_c,
          uniq_edmund
D:7:      minmay_cornered_nines, basic_altar, serial_shops, shop, uniq_pikel
D:8:      lemuel_doored_altar, lemuel_crystal_altar, lair_0_dummy, uniq_maurice,
          uniq_psyche
D:9:      nicolae_tso_besieged_by_evil, gammafunk_temple_overflow_wave,
          grunt_pakellas_salt
D:11:     orc_0_dummy, serial_shops, shop_coins
D:12:     hangedman_pestilent_swarm
D:13:     basic_altar, lemuel_angel_altar, uniq_sonja
D:14:     david_vaults_1, hangedman_decor_peaks_small
D:15:     hangedman_depths_entry_try_elsewhere_first, serial_park_tiny_2
Sewer:    sewer_co_purgy_island
Ossuary:  ossuary_tomb_1

Skill      XL: |  1  2  3  4  5  6  7  8  9 10 11 |
---------------+----------------------------------+-----
Unarmed Combat | 2 3 4 5 6 8 10 11 12 | 12.1
Shields        | 2 3 4 5 6 8 10 | 10.0
Transmutations | 4 |  4.4
Earth Magic    | 5 |  5.3
Spellcasting   | 2 |  2.5
Fighting       | |  0.7
Throwing       | |  1.7
Dodging        | |  1.5
Hexes          | |  2.0

Action                   |  1- 3 |  4- 6 |  7- 9 | 10-12 || total
-------------------------+-------+-------+-------+-------++-------
Melee: Unarmed           |   113 |   141 |   314 |   415 ||   983
Throw: Large rock        |     4 |     2 |    16 |    13 ||    35
       Throwing net      |       |       |       |     4 ||     4
Evoke: Wand              |       |     1 |     6 |    14 ||    21
  Use: Potion            |     2 |       |     2 |     3 ||     7
       Scroll            |     3 |     4 |       |    11 ||    18
 Stab: Invisible         |       |       |     5 |     1 ||     6
       Held in net/web   |       |       |       |     4 ||     4
  Eat: Chunk             |     7 |     3 |    17 |    21 ||    48
       Fruit             |       |     1 |       |       ||     1
Armor: Robe              |    46 |    39 |    96 |   135 ||   316
Dodge: Dodged            |    35 |    39 |    85 |   108 ||   267
Block: Shield            |    14 |    47 |   138 |   209 ||   408
